[ AOE2 MATCH · #469407350 ]
UnrankedKhmer vs Persians
Player's team · LOSS
Rival team · WIN
[ REPLAY ANALYSIS · EXTRACTED FROM THE RECORDED GAME ]
Feudal
10:27
Castle
14:35
Imperial
39:52
| APM avg | 17.1 |
| APM peak | 49 |
| eAPM avg | 12.2 |
| Villagers / military | 106 / 139 |
Focus
⚔️ 32.6% · 🌾 67.4%
Skirmisher ×95 · Ballista Elephant ×16 · Mangonel ×14 · Petard ×11 · Monk ×3
Feudal
13:44
Castle
22:49
Imperial
35:22
| APM avg | 20.8 |
| APM peak | 57 |
| eAPM avg | 18.3 |
| Villagers / military | 110 / 240 |
Focus
⚔️ 42.3% · 🌾 57.7%
Archer ×177 · Knight ×30 · Scout Cavalry ×28 · Trebuchet (Packed) ×5
Match map
Initial resources + every placement click. Lines = walls · curves = elevation contours. ◆ gold · ⬟ stone · ● berries · ✦ relic · ◌ wall gap
Your base· ✓ Closed at 14:35 · 8t walls · no gate
KoolName's base· ✓ Closed at 22:49 · 0t walls · no gate
Smoothed initial terrain · ◌ = detected wall gap · hover for details
Inputs per minute
— dumnorix - - KoolName
Build order — dumnorix
First 150 of 306 actions detected
| 0:01 | Create | Villager (Male) |
| 0:01 | Create | Villager (Male) |
| 0:01 | Create | Villager (Male) |
| 0:01 | Create | Villager (Male) |
| 0:04 | Build | House |
| 0:50 | Build | Palisade Wall |
| 1:39 | Create | Villager (Male) |
| 1:39 | Create | Villager (Male) |
| 2:03 | Create | Villager (Male) |
| 2:03 | Create | Villager (Male) |
| 2:14 | Build | Lumber Camp |
| 2:39 | Build | House |
| 2:45 | Create | Villager (Male) |
| 2:46 | Create | Villager (Male) |
| 2:50 | Research | Loom |
| 2:51 | Create | Villager (Male) |
| 3:49 | Create | Villager (Male) |
| 3:49 | Create | Villager (Male) |
| 3:50 | Create | Villager (Male) |
| 3:50 | Create | Villager (Male) |
| 4:01 | Build | House |
| 4:25 | Create | Villager (Male) |
| 4:25 | Create | Villager (Male) |
| 4:42 | Create | Villager (Male) |
| 4:42 | Create | Villager (Male) |
| 4:42 | Create | Villager (Male) |
| 5:51 | Build | Mill |
| 5:55 | Create | Villager (Male) |
| 5:55 | Create | Villager (Male) |
| 6:31 | Create | Villager (Male) |
| 6:31 | Create | Villager (Male) |
| 6:35 | Create | Villager (Male) |
| 6:50 | Create | Villager (Male) |
| 6:50 | Create | Villager (Male) |
| 7:59 | Build | House |
| 8:17 | Research | Feudal Age |
| 8:22 | Create | Villager (Male) |
| 8:22 | Create | Villager (Male) |
| 8:22 | Create | Villager (Male) |
| 8:59 | Build | Mining Camp |
| 9:15 | Build | Farm |
| 10:24 | Build | Farm |
| 10:27 | Age | Feudal Age |
| 11:04 | Create | Villager (Male) |
| 11:47 | Build | Farm |
| 11:55 | Research | Castle Age |
| 12:20 | Build | Mining Camp |
| 12:43 | Build | House |
| 12:51 | Create | Villager (Male) |
| 12:51 | Create | Villager (Male) |
| 12:51 | Create | Villager (Male) |
| 13:42 | Create | Villager (Male) |
| 13:42 | Create | Villager (Male) |
| 14:14 | Create | Villager (Male) |
| 14:14 | Create | Villager (Male) |
| 14:35 | Age | Castle Age |
| 14:59 | Create | Villager (Male) |
| 15:54 | Build | Castle |
| 16:12 | Create | Villager (Male) |
| 16:13 | Create | Villager (Male) |
| 16:43 | Build | Castle |
| 17:02 | Build | House |
| 17:17 | Build | Monastery |
| 17:26 | Build | University |
| 18:15 | Create | Ballista Elephant |
| 18:15 | Create | Ballista Elephant |
| 18:43 | Build | Lumber Camp |
| 19:04 | Create | Villager (Male) |
| 19:04 | Create | Villager (Male) |
| 19:04 | Create | Villager (Male) |
| 19:05 | Create | Villager (Male) |
| 19:10 | Build | Farm |
| 19:41 | Create | Ballista Elephant |
| 19:59 | Build | Farm |
| 19:59 | Build | Farm |
| 19:59 | Build | Farm |
| 20:00 | Build | Farm |
| 20:00 | Build | Farm |
| 20:10 | Research | Horse Collar |
| 20:20 | Create | Villager (Male) |
| 20:31 | Build | Farm |
| 20:32 | Build | Farm |
| 20:32 | Build | Farm |
| 20:45 | Build | Farm |
| 20:56 | Research | Double-Bit Axe |
| 21:17 | Build | Farm |
| 21:22 | Build | Farm |
| 21:26 | Create | Villager (Male) |
| 21:26 | Create | Villager (Male) |
| 21:32 | Create | Villager (Male) |
| 21:37 | Build | Farm |
| 21:44 | Build | Farm |
| 21:55 | Build | Farm |
| 22:00 | Build | Farm |
| 22:09 | Create | Villager (Male) |
| 22:09 | Create | Villager (Male) |
| 22:10 | Create | Villager (Male) |
| 22:25 | Build | Farm |
| 22:32 | Build | Farm |
| 22:40 | Research | Gold Mining |
| 22:52 | Research | Heavy Plow |
| 22:52 | Research | Heavy Plow |
| 23:16 | Create | Monk |
| 23:34 | Research | Wheelbarrow |
| 23:43 | Create | Villager (Male) |
| 23:43 | Create | Villager (Male) |
| 23:43 | Create | Villager (Male) |
| 24:06 | Create | Villager (Male) |
| 24:07 | Create | Villager (Male) |
| 24:07 | Create | Villager (Male) |
| 24:19 | Build | Farm |
| 24:34 | Build | Farm |
| 24:35 | Build | Farm |
| 24:35 | Build | Farm |
| 24:35 | Build | Farm |
| 24:35 | Build | Farm |
| 25:02 | Create | Ballista Elephant |
| 25:02 | Create | Ballista Elephant |
| 25:02 | Create | Ballista Elephant |
| 25:26 | Build | Siege Workshop |
| 25:35 | Build | Farm |
| 25:36 | Create | Villager (Male) |
| 25:37 | Create | Villager (Male) |
| 26:05 | Research | Tusk Swords |
| 26:06 | Create | Ballista Elephant |
| 26:06 | Create | Ballista Elephant |
| 26:07 | Create | Ballista Elephant |
| 26:17 | Build | Blacksmith |
| 26:56 | Research | Fletching |
| 27:01 | Research | Scale Barding Armor |
| 27:02 | Research | Forging |
| 27:20 | Create | Ballista Elephant |
| 27:20 | Create | Ballista Elephant |
| 27:27 | Research | Padded Archer Armor |
| 27:35 | Create | Villager (Male) |
| 27:35 | Create | Villager (Male) |
| 27:35 | Create | Villager (Male) |
| 27:35 | Create | Villager (Male) |
| 27:49 | Build | Town Center |
| 28:00 | Build | House |
| 28:01 | Build | House |
| 28:01 | Build | House |
| 28:01 | Build | House |
| 28:02 | Build | House |
| 28:02 | Build | House |
| 28:02 | Build | House |
| 28:03 | Build | House |
| 28:03 | Build | House |
| 28:04 | Build | House |
| 28:24 | Research | Bodkin Arrow |
Build order — KoolName
First 150 of 515 actions detected
| 0:09 | Research | Loom |
| 0:10 | Create | Villager (Male) |
| 0:10 | Create | Villager (Male) |
| 0:10 | Create | Villager (Male) |
| 0:10 | Create | Villager (Male) |
| 0:33 | Build | Lumber Camp |
| 0:36 | Build | House |
| 0:40 | Build | House |
| 0:46 | Build | House |
| 0:53 | Build | House |
| 1:05 | Create | Villager (Male) |
| 1:05 | Create | Villager (Male) |
| 2:55 | Create | Villager (Male) |
| 2:55 | Create | Villager (Male) |
| 2:55 | Create | Villager (Male) |
| 3:29 | Create | Villager (Male) |
| 3:29 | Create | Villager (Male) |
| 3:44 | Create | Villager (Male) |
| 3:44 | Create | Villager (Male) |
| 4:11 | Create | Villager (Male) |
| 4:12 | Create | Villager (Male) |
| 4:40 | Create | Villager (Male) |
| 4:45 | Create | Villager (Male) |
| 4:45 | Create | Villager (Male) |
| 5:18 | Create | Villager (Male) |
| 5:40 | Create | Villager (Male) |
| 5:40 | Create | Villager (Male) |
| 5:40 | Create | Villager (Male) |
| 5:46 | Create | Villager (Male) |
| 5:46 | Create | Villager (Male) |
| 6:25 | Build | Mill |
| 6:36 | Create | Villager (Male) |
| 6:36 | Create | Villager (Male) |
| 6:37 | Create | Villager (Male) |
| 7:56 | Build | Lumber Camp |
| 8:20 | Build | House |
| 8:21 | Build | House |
| 8:31 | Create | Villager (Male) |
| 8:43 | Build | Mining Camp |
| 8:49 | Create | Villager (Male) |
| 8:56 | Build | Mill |
| 9:05 | Create | Villager (Male) |
| 9:12 | Build | Mining Camp |
| 9:26 | Build | House |
| 9:40 | Create | Villager (Male) |
| 9:57 | Create | Villager (Male) |
| 10:22 | Build | Barracks |
| 10:29 | Build | House |
| 10:33 | Create | Villager (Male) |
| 11:15 | Create | Villager (Male) |
| 11:40 | Research | Feudal Age |
| 12:06 | Build | House |
| 12:36 | Create | Villager (Male) |
| 12:45 | Build | House |
| 12:49 | Build | House |
| 12:50 | Build | House |
| 12:53 | Build | House |
| 12:55 | Build | House |
| 13:44 | Age | Feudal Age |
| 13:46 | Research | Double-Bit Axe |
| 13:47 | Create | Villager (Male) |
| 13:50 | Build | Stable |
| 13:52 | Build | Stable |
| 13:58 | Research | Horse Collar |
| 14:13 | Build | Farm |
| 14:22 | Create | Villager (Male) |
| 14:43 | Build | Mill |
| 14:50 | Create | Villager (Male) |
| 14:54 | Build | Farm |
| 15:27 | Create | Villager (Male) |
| 15:38 | Build | Stable |
| 15:51 | Create | Villager (Male) |
| 15:51 | Create | Villager (Male) |
| 15:58 | Create | Villager (Male) |
| 16:02 | Create | Villager (Male) |
| 16:03 | Create | Villager (Male) |
| 16:05 | Create | Villager (Male) |
| 16:05 | Create | Villager (Male) |
| 16:06 | Create | Villager (Male) |
| 16:19 | Build | Farm |
| 16:21 | Create | Villager (Male) |
| 16:41 | Build | Archery Range |
| 17:25 | Build | Farm |
| 17:43 | Build | Blacksmith |
| 17:47 | Research | Bloodlines |
| 18:02 | Build | House |
| 18:10 | Build | Farm |
| 18:29 | Build | Farm |
| 18:31 | Build | Farm |
| 18:33 | Build | Farm |
| 18:37 | Build | Farm |
| 18:50 | Create | Villager (Male) |
| 19:04 | Create | Villager (Male) |
| 19:10 | Build | Archery Range |
| 19:41 | Build | Farm |
| 20:00 | Build | Archery Range |
| 20:24 | Research | Castle Age |
| 20:24 | Research | Castle Age |
| 20:30 | Build | Stable |
| 20:39 | Research | Scale Barding Armor |
| 20:46 | Build | Farm |
| 20:48 | Build | Farm |
| 20:52 | Build | Farm |
| 21:06 | Research | Gold Mining |
| 21:06 | Research | Gold Mining |
| 21:17 | Build | Farm |
| 21:28 | Build | Farm |
| 21:40 | Research | Stone Mining |
| 21:48 | Build | Farm |
| 21:51 | Research | Forging |
| 22:10 | Build | House |
| 22:11 | Build | House |
| 22:13 | Build | House |
| 22:14 | Build | House |
| 22:49 | Age | Castle Age |
| 22:53 | Build | Castle |
| 22:57 | Research | Husbandry |
| 23:00 | Research | Crossbowman (upgrade) |
| 23:02 | Create | Villager (Male) |
| 23:20 | Build | Town Center |
| 23:26 | Research | Bow Saw |
| 23:29 | Build | Farm |
| 23:31 | Create | Villager (Male) |
| 24:08 | Research | Chain Barding Armor |
| 24:11 | Build | Farm |
| 24:29 | Research | Heavy Plow |
| 24:29 | Research | Heavy Plow |
| 24:44 | Build | Stable |
| 24:52 | Create | Villager (Male) |
| 24:53 | Create | Villager (Male) |
| 25:06 | Build | House |
| 25:07 | Build | House |
| 25:17 | Build | Farm |
| 25:27 | Research | Iron Casting |
| 25:45 | Build | Mill |
| 25:47 | Build | Farm |
| 25:49 | Create | Villager (Male) |
| 26:02 | Research | Wheelbarrow |
| 26:02 | Research | Wheelbarrow |
| 26:10 | Build | Archery Range |
| 26:24 | Build | House |
| 26:30 | Build | Farm |
| 26:33 | Build | Farm |
| 26:35 | Create | Villager (Male) |
| 26:35 | Create | Villager (Male) |
| 26:43 | Create | Knight |
| 26:43 | Create | Knight |
| 26:43 | Create | Knight |
| 26:44 | Create | Knight |
| 26:49 | Build | Farm |
Match timeline
| 0:50 | dumnorix · wall_segment Palisade Wall x8 |
| 10:22 | KoolName · first_building Barracks |
| 10:27 | dumnorix · age_up feudal |
| 13:44 | KoolName · age_up feudal |
| 13:50 | KoolName · first_building Stable |
| 14:35 | dumnorix · age_up castle |
| 15:54 | dumnorix · first_building Castle |
| 16:41 | KoolName · first_building Archery Range |
| 17:17 | dumnorix · first_building Monastery |
| 22:49 | KoolName · age_up castle |
| 22:53 | KoolName · first_building Castle |
| 25:26 | dumnorix · first_building Siege Workshop |
| 34:58 | dumnorix · first_building Archery Range |
| 35:22 | KoolName · age_up imperial |
| 39:52 | dumnorix · age_up imperial |
| 46:57 | dumnorix · resign |
[ AI ANALYSIS · 1 CREDIT ]
What really happened in this match?
Wolo.gg analyzes every decision: build order, eco, micro, common mistakes by bracket. Personalized analysis on WhatsApp or Discord in 30 seconds.
Civ guide
Khmer
Perfil
Jugador #23747899